 Dungeon Crawl Stone Soup version 0.16.1-2-g95b8d4c (webtiles) character file.

112 hhkb the Sneak (level 4, 0/23 HPs)
             Began as a Vine Stalker Assassin on Mar 24, 2015.
             Was an Initiate of Ashenzari.
             Succumbed to an adder's poison
             ... on level 3 of the Dungeon.
             The game lasted 00:08:34 (2065 turns).

hhkb the Sneak (Vine Stalker Assassin)              Turns: 2065, Time: 00:08:35

Health: 0/23       AC:  3    Str: 11 (15) XL:     4   Next: 93%
Magic:  3/5        EV: 11    Int: 11      God:    Ashenzari [......]
Gold:   118        SH:  0    Dex: 15      Spells: 0 memorised, 3 levels left

rFire  + . .     SeeInvis .     a - +0 mace
rCold  + . .     Clarity  .     c - +0 robe (curse)
rNeg   . . .     SustAb   .     (no shield)
rPois  +         Gourm    .     (no helmet)
rElec  +         Spirit   +     d - +0 cloak (curse)
rCorr  +         Warding  .     (no gloves)
rMut   .         Stasis   .     (no boots)
MR     .....                    (no amulet)
Stlth  +++.......               (no ring)
                                (no ring)

@: lethally poisoned (0 -> 0), resistant, flying, very slightly contaminated,
hasted, very quick, not resistant to hostile enchantments, fairly stealthy
A: fangs 2, mutation resistance 1, regeneration 1, screaming 1, magic shield,
antimagic bite, no device heal 3, rot immunity
a: Renounce Religion


You were on level 3 of the Dungeon.
You worshipped Ashenzari.
Ashenzari was noncommittal.
You were hungry.

You visited 1 branch of the dungeon, and saw 3 of its levels.

You collected 118 gold pieces.

Inventory:

Hand weapons
 a - a +0 mace (weapon)
   (You found it on level 2 of the Dungeon)
 b - a +0 blowgun
 v - a +2 dagger
Missiles
 f - 9 curare-tipped needles
 n - 46 stones (quivered)
 o - 5 needles of slowing
Armour
 c - a cursed +0 robe (worn)
 d - a cursed +0 cloak (worn)
Jewellery
 D - an uncursed ring of ice {rC+, rF-}
   (You found it on level 3 of the Dungeon)
Scrolls
 i - 2 scrolls of remove curse
 l - 4 scrolls of teleportation
 m - a scroll of immolation {unknown}
 p - 2 scrolls of identify {unknown}
 q - a scroll of recharging {unknown}
 t - a scroll of enchant weapon {unknown}
 u - a scroll of fear {unknown}
 x - a scroll of enchant armour {unknown}
 y - a scroll of curse armour
 A - a scroll of curse jewellery
 B - a scroll of curse weapon
Comestibles
 g - 4 bread rations {@e1}
 j - 2 fruits
 w - a meat ration {@e2}


   Skills:
 - Level 1.7 Fighting
 - Level 3.9 Short Blades
 + Level 1.9 Maces & Flails
 - Level 1.7 Throwing
 - Level 0.7 Dodging
 - Level 4.8 Stealth


You had 3 spell levels left.
You didn't know any spells.

Dungeon Overview and Level Annotations

Branches:
Dungeon (3/15)

Altars:
Ashenzari
Ru


Innate Abilities, Weirdness & Mutations

You have extremely sharp teeth.
Your natural rate of healing is unusually fast.
When hurt, damage is shared between your health and your magic reserves.
Your bite disrupts and absorbs the magic of your enemies.
Potions and wands cannot restore your health.
You are immune to rotting.
You are somewhat resistant to further mutation.
You occasionally shout uncontrollably at your foes.


Message History

You are poisoned.
The adder poisons you!
You take 2 damage, and have 19/23 hp.
You hit the adder.
You feel sick. The adder misses you. The adder bites you.
You take 4 damage, and have 15/23 hp.
You now have 4/5 mp.
You miss the adder. You bite the adder. You drain its power.
You feel sick. The adder barely misses you.
You take 1 damage, and have 14/23 hp.
You miss the adder. The adder misses you. The adder bites you.
You are more poisoned.
The adder poisons you!
You closely miss the adder. You bite the adder. You drain its power.
You feel sick. The adder bites you but does no damage.
The adder barely misses you.
You take 1 damage, and have 13/23 hp.
You closely miss the adder.
You feel sick. The adder bites you.
You are more poisoned.
The adder poisons you!
You take 1 damage, and have 12/23 hp.
You miss the adder.
You feel sick. The adder barely misses you. The adder closely misses you.
You take 2 damage, and have 10/23 hp.
You barely miss the adder.
You feel sick. The adder closely misses you. The adder bites you.
* * * LOW HITPOINT WARNING * * *
You take 5 damage, and have 5/23 hp.
MASSIVE DAMAGE!!
You now have 3/5 mp.
You hit the adder.
You feel sick. The adder misses you.
You closely miss the adder. Your bite misses the adder.
You feel sick. The adder closely misses you. The adder barely misses you.
The giant newt hisses menacingly.
You take 1 damage, and have 4/23 hp.
Unknown command.
You barely miss the adder. Your bite misses the adder. The adder bites you.
The adder bites you but does no damage.
You now have 3/5 mp.
Unknown command.
You hit the adder.
You kill the adder!
The adder's corpse disappears in a puff of smoke!
You feel sick. The giant newt bites you.
* * * LOW HITPOINT WARNING * * *
You take 1 damage, and have 3/23 hp.
You now have 2/5 mp.
You barely miss the giant newt. Your bite misses the giant newt.
* * * LOW HITPOINT WARNING * * *
You feel sick.
The giant newt bites you but does no damage.
You take 1 damage, and have 2/23 hp.
You barely miss the giant newt. You bite the giant newt. You drain its power.
You kill the giant newt!
The giant newt's corpse disappears in a puff of smoke!
* * * LOW HITPOINT WARNING * * *
You feel sick.
You take 1 damage, and have 1/23 hp.
Read which item? (? for menu, Esc to quit)
Okay, then.
Drink which item? (? for menu, Esc to quit)
It was a potion of resistance.
You feel protected.
Drink which item? (? for menu, Esc to quit)
It was a potion of haste.
You feel yourself speed up.
* * * LOW HITPOINT WARNING * * *
You feel sick.
You are very lightly contaminated with residual magic.
You take 1 damage, and have 1/23 hp.
Drink which item? (? for menu, Esc to quit)
It was a potion of mutation.
You feel extremely strange.
You feel the urge to shout.
You feel genetically stable.
Drink which item? (? for menu, Esc to quit)
You feel protected.
Drink which item? (? for menu, Esc to quit)
It was a potion of flight.
You feel very buoyant.
You fly up into the air.
Drink which item? (? for menu, Esc to quit)
It was a potion of degeneration.
There was something very wrong with that liquid.
You feel weakened.
* * * LOW HITPOINT WARNING * * *
You feel sick.
Drink which item? (? for menu, Esc to quit)
You don't have any such object.
Drink which item? (? for menu, Esc to quit)
You can't drink that!
Drink which item? (? for menu, Esc to quit)
It was a potion of heal wounds.
That seemed strangely inert.
You are alive.
You are lethally poisoned (1 -> 0).
You resist elements.
You are flying.
You are very lightly contaminated with residual magic.
Your actions are hasted.
Your flying speed is very quick.
Your attack speed is quite slow.
You are not resistant to hostile enchantments.
You feel fairly stealthy.
There is a lethal amount of poison in your body!
Drink which item? (? for menu, Esc to quit)
It was a potion of poison.
You feel slightly nauseous.
There is a lethal amount of poison in your body!
You die...

##...########.#### ...#....#
#..# ##..w#......##.##
##†##..###. #..# #w# .# ##.#
#b# .# #.#########. #†# .###
#..##........ ##.##....#
##.##........ ##...#....#
#@.#........ .†.#......#
##.#......... ##...#.....
#.#.....[... .##w##....#
#..######.##
..........########.######.##
............................
.........#########.######.##
.........# #..# .........#
##.## .


There were no monsters in sight!

Vanquished Creatures
  4 adders
  A giant mite (D:3)
  4 worms
  3 giant geckos
  An ooze (D:2)
  5 giant cockroaches
  4 goblins
  4 hobgoblins
  2 quokkas (D:2)
  8 bats
  6 giant newts
  5 kobolds
  6 rats
53 creatures vanquished.

Notes
Turn   | Place    | Note
--------------------------------------------------------------
     0 | D:1      | hhkb, the Vine Stalker Assassin, began the quest for the Orb.
     0 | D:1      | Reached XP level 1. HP: 11/11 MP: 1/1
    86 | D:1      | Reached skill level 2 in Short Blades
   107 | D:1      | Reached XP level 2. HP: 13/15 MP: 3/3
   554 | D:1      | Reached skill level 3 in Short Blades
   554 | D:1      | Reached XP level 3. HP: 6/18 MP: 1/4
  1053 | D:2      | Reached XP level 4. HP: 23/23 MP: 5/5
  1220 | D:2      | Found a sacrificial altar of Ru.
  1220 | D:2      | Found a shattered altar of Ashenzari.
  1392 | D:2      | Became a worshipper of Ashenzari the Shackled
  1464 | D:2      | Reached skill level 1 in Maces & Flails
  2048 | D:3      | HP: 5/23 [adder[a giant cockroach] (4)]
  2053 | D:3      | HP: 2/23 [poisoned by an adder]
  2057 | D:3      | Gained mutation: You occasionally shout uncontrollably at your foes. [potion of mutation]
  2057 | D:3      | Gained mutation: You are somewhat resistant to further mutation. [potion of mutation]
  2060 | D:3      | HP: 1/23 [poisoned by an adder]
  2065 | D:3      | Succumbed to an adder's poison

Action                   |  1- 3 |  4- 6 || total
-------------------------+-------+-------++-------
Melee: Dagger            |    74 |    12 ||    86
       Mace              |       |    73 ||    73
 Fire: Blowgun           |    18 |    13 ||    31
Throw: Stone             |     1 |       ||     1
  Use: Potion            |       |     8 ||     8
       Scroll            |       |     5 ||     5
 Stab: Sleeping          |     6 |     9 ||    15
  Eat: Chunk             |       |     3 ||     3

Vault maps used:
D:1:      minmay_arrival_jagged
D:2:      gammafunk_temple_overflow_wave, first_bread
D:3:      grunt_temple_overflow_gold_and_silver, minmay_misc_feat_tower,
          st_stairs_3, uniq_crazy_yiuf_cottage

Table legend:
 A = Turns spent in this place as a percentage of turns spent in the entire game.
 B = Non-inter-level travel turns spent in this place as a percentage of non-inter-level travel turns spent in the entire game.
 C = Inter-level travel turns spent in this place as a percentage of turns spent in this place.
 D = Turns resting spent in this place as a percentage of non-inter-level travel turns spent in this place.
 E = Turns spent auto-exploring this place as a percentage of non-inter-level travel turns spent in this place.
 F = Non-inter-level travel turns spent in this place divided by the number of levels of this place that you've seen.
                   A       B       C       D       E      F
               +-------+-------+-------+-------+-------+----------------------
         Total | 100.0 | 100.0 |   0.8 |   1.0 |   6.9 | 388.7
       Dungeon | 100.0 | 100.0 |   0.8 |   1.0 |   6.9 | 388.7
               +-------+-------+-------+-------+-------+----------------------

Table legend:
 A = Kills in this place as a percentage of kills in entire the game.
 B = Kills by you in this place as a percentage of kills by you in the entire game.
 C = Kills by friends in this place as a percentage of kills by friends in the entire game.
 D = Other kills in this place as a percentage of other kills in the entire game.
 E = Experience gained in this place as a percentage of experience gained in the entire game.
 F = Experience gained in this place divided by the number of levels of this place that you have seen.
                   A       B       C       D       E      F
               +-------+-------+-------+-------+-------+----------------------
         Total | 100.0 | 100.0 |  -nan |  -nan | 100.0 |  53.3
       Dungeon | 100.0 | 100.0 |  -nan |  -nan | 100.0 |  53.3
               +-------+-------+-------+-------+-------+----------------------
